 Dungeon Crawl Stone Soup version 0.30-a0-1176-gcdfb0321a8 (webtiles) character file.

Game seed: 4480288906245969704

39 Morbidden the Grave Robber (level 3, -2/32 HPs)
             Began as a Troll Necromancer on Apr 30, 2023.
             Slain by a frilled lizard (3 damage)
             ... on level 2 of the Dungeon.
             The game lasted 00:01:08 (858 turns).

Morbidden the Grave Robber (Troll Necromancer)       Turns: 858, Time: 00:01:08

Health: -2/32      AC:  4    Str: 16    XL:     3   Next: 28%
Magic:  4/4        EV:  9    Int: 13    God:
Gold:   57         SH:  0    Dex: 10    Spells: 3/4 levels left

rFire   . .          .
                       - Unarmed
rCold   . . .        (no shield)
rNeg    . . .        a - +0 robe
rPois   .            (helmet restricted)
rElec   .            (no cloak)
rCorr   .            (gloves unavailable)
SInv    .            (boots unavailable)
Will    .....        (no amulet)
Stlth   +            (no ring)
HPRegen 1.05/turn    (no ring)
MPRegen 0.09/turn

%: no passive effects
@: lethally poisoned (-2 -> -2)
A: large, unfitting armour, claws 3, regeneration 1, shaggy fur 1, tough skin 1
a: no special abilities


You were on level 2 of the Dungeon.
You visited 1 branch of the dungeon, and saw 2 of its levels.

You collected 57 gold pieces.

Inventory:

Armour
 a - a +0 robe (worn)
Scrolls
 d - a scroll of teleportation {unknown}
 f - a scroll of fear {unknown}
 i - a scroll of butterflies {unknown}
 j - a scroll of poison {unknown}
 k - a scroll of magic mapping {unknown}
 l - a scroll of identify {unknown}
Potions
 b - 2 potions of magic
 c - a potion of degeneration {unknown}
 e - a potion of curing {unknown}
 g - a potion of haste {unknown}
 h - a potion of ambrosia {unknown}


   Skills:
 * Level 0.3 Fighting
 * Level 0.5 Armour
 * Level 1.6 Dodging
 + Level 1.0 Stealth
 * Level 1.1 Unarmed Combat
 * Level 1.4 Spellcasting
 * Level 3.7 Necromancy


You had 3 spell levels left.
You knew the following spells:

 Your Spells              Type           Power      Damage    Failure   Level
a - Necrotise             Necr           40%        1d6       6%          1

Your spell library contained the following spells:

 Spells                   Type           Power      Damage    Failure   Level
 Vampiric Draining        Necr           10%        2d6       19%         3
 Animate Dead             Necr           10%        N/A       52%         4
 Agony                    Necr           10%        N/A       86%         5


Dungeon Overview and Level Annotations

Branches:
Dungeon (2/15)

Altars:

Shops:
D:1 ?


Innate Abilities, Weirdness & Mutations

You are too large for most types of armour.
You have claws for hands.
Your natural rate of healing is unusually fast.
You are covered in fur. (AC +1)
You have tough skin. (AC +1)


Message History

The kobold hits you with a +2 dagger of speed.
You scratch the adder.
You kill the adder!
You feel sick. The bat hits you but does no damage.
The kobold barely misses you. The frilled lizard bites you.
The kobold hits you with a +2 dagger of speed.
You are too injured to fight recklessly!
Unknown command.
You are too injured to fight recklessly!
You are too injured to fight recklessly!
Unknown command.
You are too injured to fight recklessly!
Unknown command.
You are too injured to fight recklessly!
Unknown command.
You are too injured to fight recklessly!
You closely miss the bat.
You feel sick. The bat hits you.
The frilled lizard completely misses you.
The kobold closely misses you.
You barely miss the frilled lizard.
You feel sick. The bat hits you.
The kobold hits you with a +2 dagger of speed.
* * * LOW HITPOINT WARNING * * *
The frilled lizard barely misses you.
The kobold hits you with a +2 dagger of speed.
* * * LOW HITPOINT WARNING * * *
Unknown command.
You barely miss the kobold.
You feel sick. The bat hits you but does no damage.
The frilled lizard barely misses you.
The kobold hits you with a +2 dagger of speed.
* * * LOW HITPOINT WARNING * * *
Unknown command.
You completely miss the kobold.
You feel sick. The bat barely misses you.
The kobold hits you with a +2 dagger of speed.
* * * LOW HITPOINT WARNING * * *
The frilled lizard barely misses you. The kobold hits you but does no damage.
Unknown command.
Unknown command.
You closely miss the kobold.
You feel sick. The bat hits you but does no damage.
The frilled lizard bites you.
You die...

### .... #[. .... #.#
..... #.# ..... #.#
...... ##### #.#
....?.###.).###.#
......l#.....##.#######.
.......@b..>..#..<......
......!)K........######.
..............#.##
.......#.....##.#
..............#<#
.....?.....>....#
####.##........## #.
##.?...... .......>..


You could see a bat, a kobold and a frilled lizard.

Vanquished Creatures
  An adder (D:2)
  2 ball pythons (D:1)
  5 endoplasms (D:1)
  A giant cockroach (D:1)
  4 goblins (D:1)
  2 hobgoblins (D:1)
  A quokka (D:1)
  2 bats
  3 frilled lizards (D:1)
  3 kobolds (D:1)
  4 rats (D:1)
28 creatures vanquished.

Notes
Turn   | Place    | Note
-------+----------+-------------------------------------------
     0 | D:1      | Morbidden the Troll Necromancer began the quest for the
                  | Orb.
     0 | D:1      | Reached XP level 1. HP: 16/16 MP: 1/1
   121 | D:1      | Reached XP level 2. HP: 24/24 MP: 2/2
   312 | D:1      | Found Ynoenla's Magic Scroll Boutique.
   652 | D:1      | Reached skill level 1 in Unarmed Combat
   695 | D:1      | Reached XP level 3. HP: 30/31 MP: 4/4
   857 | D:2      | HP: 1/32 [kobold/+2 dagger of speed (4)]
   858 | D:2      | Slain by a frilled lizard

Illustrated notes

Levels and vault maps discovered:
D:1:      ncdulo_halloftheorcs, layout_basic, serial_shops,
          nicolae_shop_waterfront
D:2:      layout_rooms, kennysheep_generic_room_15

Skill      XL: |  1  2 |
---------------+-------+-----
Unarmed Combat | 1 |  1.1
Fighting       | |  0.3
Armour         | |  0.5
Dodging        | |  1.6
Stealth        | |  1.0
Spellcasting   | |  1.4
Necromancy     | |  3.7

Action                     || total
---------------------------++-------
  Melee: Unarmed           ||    86
   Stab: Sleeping          ||     2
 Armour: Robe              ||    42
  Dodge: Dodged            ||    47

Table legend: (Time is in decaauts)
 A = Elapsed time spent in this place.
 B = Non-inter-level travel time spent in this place.
 C = Inter-level travel time spent in this place.
 D = Time resting spent in this place.
 E = Time spent auto-exploring this place.
 F = Levels seen in this place.
 G = Mean time per level.
                   A        B        C        D        E       F      G
               +--------+--------+--------+--------+--------+-----+--------+
         Total |    856 |    825 |     31 |      0 |    630 |   2 |  428.0 |
       Dungeon |    856 |    825 |     31 |      0 |    630 |   2 |  428.0 |
               +--------+--------+--------+--------+--------+-----+--------+

Top non-repeatable levels by time:
     D:1: 828 daAuts
     D:2: 28 daAuts
